[Event "101st Irish Championship 2022"]
[Site "Dublin"]
[Date "2022.07.10"]
[Round "9.9"]
[White "O`Gorman, Alice"]
[Black "Fox, Anthony"]
[Result "1/2-1/2"]
[ECO "D36"]
[WhiteElo "2043"]
[BlackElo "1945"]
[Annotator "NA RC"]
[PlyCount "118"]
[EventDate "2022.07.05"]
[EventType "swiss"]
[EventCountry "IRL"]
[SourceTitle "playchess.com"]
[Source "ChessBase"]
[SourceQuality "1"]
[TimeControl "40/6300+30:1800+30"]

1. c4 e6 2. Nc3 d5 3. d4 Nf6 4. cxd5 exd5 5. Bg5 c6 6. e3 Be7 7. Bd3 Nbd7 8. Qc2 h6 9. Bh4 Nh5 10. Bxe7 Qxe7 11. O-O-O Nb6 12. Kb1 {[%emt 0:04:28] outshines the older 12.h3.} Be6 13. Nf3 O-O-O 14. Ne5 Kb8 {[%emt 0:03:13] [#]} 15. Qb3 $146 ({Predecessor:} 15. Na4 Nd7 16. Nxd7+ Bxd7 17. Ka1 Bc8 18. Rb1 Nf6 19. b4 Ne8 20. b5 cxb5 21. Rxb5 {1-0 (42) Urkedal,F (2537)-Sylvan,J (2330) Lund 2018}) 15... Rc8 16. Rc1 Nf6 17. Be2 Ne4 18. Nxe4 dxe4 19. Qc2 Bd5 20. Bg4 Rc7 21. f3 exf3 22. gxf3 Rd8 23. e4 Be6 24. Bxe6 Qxe6 25. Qc3 f6 26. Nd3 Qd6 27. Nc5 Nd7 28. Nb3 Nb6 29. h4 Re7 30. h5 f5 $14 31. Rhg1 fxe4 32. fxe4 Qf4 33. Nc5 Nd7 34. Nxb7 Qxe4+ 35. Ka1 Kxb7 36. Rce1 Qxe1+ 37. Rxe1 Rxe1+ 38. Qxe1 Nb6 39. Qb4 Rd7 40. a4 a5 41. Qxa5 Rxd4 42. b4 Rd1+ 43. Ka2 Rd2+ 44. Kb1 Rd4 45. b5 Rxa4 46. bxc6+ Kxc6 47. Qc3+ Kb5 48. Qxg7 Rb4+ 49. Kc1 Rc4+ 50. Kd2 Rc6 51. Kd3 Rd6+ 52. Ke4 Kc6 53. Kf5 Nd5 54. Qa7 Nb6 55. Qa2 Kd7 56. Ke5 Ke7 57. Qb3 Nd7+ 58. Kf5 Rf6+ 59. Kg4 Ne5+ 1/2-1/2

[Event "101st Irish Championship 2022"]
[Site "Dublin"]
[Date "2022.07.10"]
[Round "9.10"]
[White "O'Connell, Gerard"]
[Black "Doyle, Anthony"]
[Result "1-0"]
[ECO "D34"]
[WhiteElo "2052"]
[BlackElo "2116"]
[Annotator "NA RC"]
[PlyCount "105"]
[EventDate "2022.07.05"]
[EventType "swiss"]
[EventCountry "IRL"]
[SourceTitle "playchess.com"]
[Source "ChessBase"]
[SourceQuality "1"]
[TimeControl "40/6300+30:1800+30"]

1. d4 d5 2. c4 e6 3. Nc3 c5 4. cxd5 exd5 5. Nf3 Nc6 6. g3 Nf6 7. Bg2 Be7 8. O-O O-O 9. Bg5 cxd4 10. Nxd4 h6 11. Be3 Re8 12. Rc1 Bf8 13. Nxc6 bxc6 14. Na4 Bd7 15. Bc5 Ne4 16. Bxf8 Kxf8 17. f3 Nf6 18. Qd3 Qe7 19. e4 Rad8 20. exd5 cxd5 21. Nc5 Qe3+ 22. Qxe3 Rxe3 23. Kf2 Re7 24. Rfd1 Bb5 25. a4 Bd7 26. b4 Bf5 27. g4 Be6 28. Rd4 Nd7 29. h3 g5 30. Bf1 Rb8 31. Na6 Rb7 32. Nc5 Rb8 33. b5 Nxc5 34. Rxc5 Rbb7 35. a5 Rbc7 36. Rxc7 Rxc7 37. Rb4 Ke7 $16 38. b6 axb6 39. axb6 Rb7 40. Ba6 Rb8 41. Ke3 Kd6 42. Kd4 f6 43. b7 Kc7 44. Kc5 f5 45. Rb6 Bd7 46. Rxh6 fxg4 47. hxg4 Rd8 48. Rd6 Rg8 49. Rxd5 Rg7 50. Rd3 Kb8 51. Rd6 Ka7 52. Rf6 Rg8 53. Bc4 1-0

[Event "101st Irish Championship 2022"]
[Site "Dublin"]
[Date "2022.07.10"]
[Round "9.11"]
[White "Goss, Alex"]
[Black "Ivanov, Andrey A."]
[Result "1-0"]
[ECO "D02"]
[WhiteElo "1859"]
[BlackElo "2180"]
[Annotator "RC"]
[PlyCount "95"]
[EventDate "2022.07.05"]
[EventType "swiss"]
[EventCountry "IRL"]
[SourceTitle "playchess.com"]
[Source "ChessBase"]
[SourceQuality "1"]
[TimeControl "40/6300+30:1800+30"]

1. Nf3 d5 2. d4 c6 3. Bf4 Nf6 4. e3 Bf5 5. c3 e6 6. Bd3 Bg6 7. Ne5 Bxd3 8. Qxd3 Bd6 9. Nd2 Qc7 10. O-O Nbd7 11. Ndf3 O-O 12. c4 dxc4 13. Qxc4 Nd5 14. Bg3 f6 15. Nxd7 Qxd7 16. e4 Bxg3 17. hxg3 Nb6 18. Qb3 Rfd8 19. a4 h6 20. a5 Nc8 21. Rad1 Ne7 22. Nh4 Kh7 23. f4 f5 24. Rfe1 Re8 25. Nf3 Ng6 26. Ne5 Nxe5 27. dxe5 Qe7 28. exf5 exf5 29. Qd3 Rf8 30. Qd6 Qxd6 31. Rxd6 Rad8 32. Red1 Rxd6 33. Rxd6 Rf7 34. b4 Rc7 35. Rd4 Kg6 36. Kf2 Kf7 37. Ke3 b6 38. Kd3 c5 39. bxc5 Rxc5 40. axb6 axb6 41. Rd7+ Kg6 42. Rd6+ Kf7 43. Rxb6 Rc1 44. Rb7+ Ke6 45. Rxg7 h5 46. Rg6+ Kd5 47. Rd6+ Kc5 48. Rf6 1-0